 Dungeon Crawl Stone Soup version 0.31-a0-66-ge618eeaa78 (webtiles) character file.

Game seed: 2623974393281268208

248 BlueFish the Charlatan (level 5, -3/45 HPs)
             Began as a Draconian Artificer on May 22, 2023.
             Slain by a shadow imp (4 damage)
             ... summoned by Eustachio
             ... on level 4 of the Dungeon on May 23, 2023.
             The game lasted 00:05:01 (2022 turns).

BlueFish the Charlatan (Draconian Artificer)        Turns: 2022, Time: 00:05:01

Health: -3/45      AC:  6    Str: 15    XL:     5   Next: 86%
Magic:  5/5        EV: 12    Int: 15    God:
Gold:   155        SH:  0    Dex:  6    Spells: 4/4 levels left

rFire   . . .        w - +6 dire flail of the Tent {heavy, Will+ Int+2 Dex-5}
rCold   . . .        (shield currently unavailable)
rNeg    . . .        (body armour unavailable)
rPois   .            (helmet restricted)
rElec   .            (no cloak)
rCorr   .            x - +0 pair of gloves
SInv    .            (no boots)
Will    +....        (no amulet)
Stlth   ++           (no ring)
HPRegen 0.27/turn    (no ring)
MPRegen 0.09/turn

%: no passive effects
@: no status effects
A: AC +5, unfitting armour, cold-blooded
a: no special abilities


You were on level 4 of the Dungeon.
You visited 1 branch of the dungeon, and saw 4 of its levels.

You collected 155 gold pieces.

Inventory:

Hand Weapons
 a - a +0 club
 f - a +0 flail
 h - a +0 whip
 k - a +0 dagger
 r - a +0 short sword
 w - the +6 dire flail of the Tent (weapon) {heavy, Will+ Int+2 Dex-5}
   (You found it on level 3 of the Dungeon)

   Int:       It affects your intelligence (+2).
   Dex:       It affects your dexterity (-5).
   Will:      It increases your willpower.
Armour
 x - a +0 pair of gloves (worn)
Wands
 b - a wand of flame (15) (quivered)
 c - a wand of charming (14)
 d - a wand of iceblast (5)
Scrolls
 g - a scroll of vulnerability {unknown}
 o - 2 scrolls of enchant armour {unknown}
 p - a scroll of teleportation {unknown}
 s - a scroll of immolation {unknown}
 t - a scroll of brand weapon {unknown}
 u - a scroll of noise {unknown}
 v - 2 scrolls of identify {unknown}
Potions
 e - a potion of haste {unknown}
 i - a potion of mutation {unknown}
 j - 2 potions of attraction {unknown}
 l - 3 potions of curing {unknown}
 m - 2 potions of degeneration {unknown}
 n - 2 potions of invisibility {unknown}
 q - 2 potions of lignification {unknown}


   Skills:
 + Level 3.2 Fighting
 + Level 3.3 Dodging
 + Level 2.8 Stealth
 + Level 4.2 Evocations


You had 4 spell levels left.
You didn't know any spells.
Your spell library contained the following spells:

 Spells                   Type           Power      Damage    Failure   Level
 Kiss of Death            Conj/Necr      0%         2d5       26%         1
 Sandblast                Erth           0%         2d4       26%         1
 Passwall                 Tmut/Erth      0%         N/A       38%         2
 Confusing Touch          Hex            0%         N/A       63%         3
 Stone Arrow              Conj/Erth      0%         3d7       63%         3
 Dispel Undead            Necr           0%         3d6       95%         4


Dungeon Overview and Level Annotations

Branches:
Dungeon (4/15)
 Temple: D:4-7

Altars:
Vehumet

Annotations:
D:4 Eustachio


Innate Abilities, Weirdness & Mutations

Your plain brown scales are hard. (AC +5)
You cannot fit into any form of body armour.
You are cold-blooded and may be slowed by cold attacks.


Message History

Eustachio casts a spell.
You miss Eustachio.
Your tail-slap misses Eustachio.
Eustachio is heavily wounded.
Eustachio casts a spell.
Eustachio blinks!
The shadow imp closely misses you.
The shadow imp hits you but does no damage.
The shadow imp attacks as you move away!
The shadow imp barely misses you. The white imp hits you.
The white imp freezes you.
You feel yourself slow down. The shadow imp misses you.
Eustachio drinks a potion.
Eustachio is healed!
The shadow imp attacks as you move away!
The shadow imp barely misses you.
The shadow imp attacks as you move away!
The shadow imp hits you.
The white imp hits you but does no damage.
The shadow imp hits you.
The shadow imp attacks as you move away!
The shadow imp hits you but does no damage.
You feel yourself speed up.
Eustachio says, "Summoning is fun!"
Eustachio hits you with a +0 rapier!
You hit Eustachio.
Your tail-slap misses Eustachio.
Eustachio is lightly wounded.
The shadow imp hits you.
The shadow imp hits you but does no damage.
Eustachio hits you but does no damage. The shadow imp barely misses you.
The shadow imp gestures at you. You resist with some effort.
Eustachio gestures wildly while chanting.
Eustachio blinks!
The shadow imp barely misses you.
The shadow imp attacks as you move away!
The shadow imp closely misses you. The shadow imp gestures at you.
Pain shoots through your body!
* * * LOW HITPOINT WARNING * * *
Eustachio casts a spell.
The shadow imp attacks as you move away!
The shadow imp hits you.
You die...

......._........##
#..♣♣.....♣♣.....#
#..♣..♣.♣..♣.....#
#...♣♣.♣♣@..#...#
#..............##
#.##.....####..#
####.###.5.## ####
#.....##..##
#.....@55.#
##..........#
#.........##
#........##
#...)...##
##.....## #....##
##...#


You could see Eustachio, a white imp (summoned) and 2 shadow imps.

Vanquished Creatures
  A phantom (D:4)
  2 jellies (D:4)
  4 gnolls (D:3)
  3 adders
  A worm (D:2)
  2 dart slugs
  4 orcs
  2 ball pythons (D:1)
  2 endoplasms
  4 goblins
  4 hobgoblins
  6 jackals
  A quokka (D:1)
  3 bats
  3 frilled lizards
  6 kobolds
  3 rats
51 creatures vanquished.

Notes
Turn   | Place    | Note
-------+----------+-------------------------------------------
     0 | D:1      | BlueFish the Draconian Artificer began the quest for the
                  | Orb.
     0 | D:1      | Reached XP level 1. HP: 16/16 MP: 1/1
   143 | D:1      | Reached skill level 1 in Stealth
   217 | D:1      | Reached XP level 2. HP: 21/23 MP: 2/2
   862 | D:2      | Reached XP level 3. HP: 26/29 MP: 3/3
  1477 | D:3      | Identified the +6 dire flail of the Tent {heavy, Will+
                  | Int+2 Dex-5}
  1483 | D:3      | Reached XP level 4. HP: 34/37 MP: 4/4
  1609 | D:3      | Found a faded altar of an unknown god.
  1756 | D:3      | Noticed a centaur
  1894 | D:4      | Noticed a phantom
  1901 | D:4      | Killed a phantom
  1902 | D:4      | Reached skill level 4 in Evocations
  1902 | D:4      | Reached XP level 5. HP: 36/45 MP: 5/5
  1977 | D:4      | Found a radiant altar of Vehumet.
  1992 | D:4      | Noticed Eustachio
  2021 | D:4      | HP: 1/45 [shadow imp/nerve-wracking pain[Eustachio] (14)]
  2022 | D:4      | Slain by a shadow imp

Illustrated notes

Levels and vault maps discovered:
D:1:      dpeg_arrival_connections, layout_loops_ring
D:2:      layout_basic, serial_glass, glass_columns_a, glass_columns_b,
          glass_columns_a, glass_columns_c, glass_columns_a, glass_columns_a,
          glass_columns_a, glass_columns_b
D:3:      layout_basic, nicolae_elyvilon_temple_path,
          hellmonk_ecumenical_altar_zigzags
D:4:      kennysheep_big_flooded_room, layout_cave_pods,
          mainiacjoe_overflow_small_starburst, cheibrodos_worm_habitat,
          minmay_fire_ice_demons, uniq_eustachio

Skill      XL: |  1  2  3  4 |
---------------+-------------+-----
Stealth        | 1 2 |  2.8
Fighting       | 2 3 |  3.2
Dodging        | 3 |  3.3
Evocations     | 4 |  4.2

Action                     |  1- 3 |  4- 6 || total
---------------------------+-------+-------++-------
  Melee: Whip              |    49 |       ||    49
         Tailslap          |    17 |     3 ||    20
         Flail             |     2 |       ||     2
         Dagger            |    44 |       ||    44
         Short sword       |    77 |       ||    77
         Dire flail        |     2 |    41 ||    43
  Evoke: Wand              |       |     1 ||     1
   Stab: Sleeping          |     3 |     1 ||     4
 Armour: Skin              |    53 |    22 ||    75
  Dodge: Dodged            |   117 |    38 ||   155

Table legend: (Time is in decaauts)
 A = Elapsed time spent in this place.
 B = Non-inter-level travel time spent in this place.
 C = Inter-level travel time spent in this place.
 D = Time resting spent in this place.
 E = Time spent auto-exploring this place.
 F = Levels seen in this place.
 G = Mean time per level.
                   A        B        C        D        E       F      G
               +--------+--------+--------+--------+--------+-----+--------+
         Total |   2066 |   2000 |     66 |    112 |   1306 |   4 |  516.5 |
       Dungeon |   2066 |   2000 |     66 |    112 |   1306 |   4 |  516.5 |
               +--------+--------+--------+--------+--------+-----+--------+

Top non-repeatable levels by time:
     D:1: 783 daAuts
     D:2: 690 daAuts
     D:3: 325 daAuts
     D:4: 267 daAuts
